AA
ST. PAUL SAINTS @ MILWAUKEE MILKMEN
07/03/2072
 
TOP OF THE 1ST
Chicago Dogs batting - Pitching for Texas AirHogs : LHP Mike Willis
Pitching: LHP Mike Willis
Batting: RHB Hector Torres 0-0: Reached on error, E6 (Groundball, 6, EV 103.8 MPH)
Batting: RHB Oscar Leon 0-0: SINGLE (Groundball, 6MS, EV 60.6 MPH) (infield hit)
Hector Torres to second
Batting: RHB Ruben Martinez 0-0: Swinging Strike
0-1: Ball
1-1: Ball
2-1: Ball
3-1: Foul Ball, location: 2F
3-2: Foul Ball, location: 2F
3-2: Base on Balls
Hector Torres to third
Oscar Leon to second
Batting: SHB Nate Gibson 0-0: Called Strike
0-1: Ball
1-1: Foul Ball, location: 2F
1-2: Fly out, F8 (Flyball, 8RD, EV 97.5 MPH)
Runner from 3rd tags up, SCORES, throw by CF
Oscar Leon to third
Batting: RHB Neil Burch 0-0: Foul Ball, location: 2F
0-1: Called Strike
0-2: Ball
1-2: SINGLE (Line Drive, 89M, EV 110.6 MPH)
Oscar Leon scores
Ruben Martinez to second
Batting: RHB Tim Skrzypek 0-0: Called Strike
0-1: Foul Ball, location: 2F
0-2: Foul Ball, location: 2F
0-2: Ball
1-2: Ball
2-2: Foul Ball, location: 2F
2-2: Ball
3-2: Fly out, F6 (Popup, P, EV 85.0 MPH)
Batting: LHB Brian Boettcher 0-0: Ball
1-0: Ball
2-0: Ball
3-0: Base on Balls
Ruben Martinez to third
Neil Burch to second
Batting: SHB Jose Lopez 0-0: Ball
1-0: Called Strike
1-1: Ball
2-1: SINGLE (Groundball, 6D, EV 108.1 MPH)
Ruben Martinez scores
Neil Burch to third
Brian Boettcher to second
Runner from 3rd tries for Home, SAFE, throw by CF to home
Batting: RHB Jeff Clayton 0-0: Fly out, F3 (Line Drive, 3, EV 72.5 MPH)
Top of the 1st over - 4 runs, 3 hits, 1 error, 2 left on base; Chicago 4 - Texas 0
BOTTOM OF THE 1ST
Texas AirHogs batting - Pitching for Chicago Dogs : RHP Matt Nunes
Pitching: RHP Matt Nunes
Batting: LHB Bobby Gutierrez 0-0: SINGLE (Line Drive, 6MD, EV 99.4 MPH)
Batting: RHB Alberto Figueroa 0-0: Fly out, F9 (Flyball, 9S, EV 90.6 MPH)
Batting: RHB Adrian Gutierrez 0-0: Ball
Bobby Gutierrez steals 2nd base (no throw)
1-0: Fly out, F7 (Flyball, 7, EV 91.9 MPH)
Batting: LHB Ron Clark 0-0: Called Strike
0-1: Called Strike
0-2: Foul Ball, location: 2F
0-2: Strikes out swinging
Bottom of the 1st over - 0 runs, 1 hit, 0 errors, 1 left on base; Chicago 4 - Texas 0
TOP OF THE 2ND
Chicago Dogs batting - Pitching for Texas AirHogs : LHP Mike Willis
Batting: RHB Hector Torres 0-0: Called Strike
0-1: Foul Ball, location: 2F
0-2: Foul Ball, location: 2F
0-2: Ball
1-2: Fly out, F7 (Flyball, 7S, EV 92.5 MPH)
Batting: RHB Oscar Leon 0-0: Fly out, F8 (Line Drive, 8RM, EV 91.9 MPH)
Batting: RHB Ruben Martinez 0-0: Called Strike
0-1: Ball
1-1: Foul Ball, location: 2F
1-2: Foul Ball, location: 2F
1-2: Ground out 4-3 (Groundball, 4, EV 85.0 MPH)
Top of the 2nd over - 0 runs, 0 hits, 0 errors, 0 left on base; Chicago 4 - Texas 0
BOTTOM OF THE 2ND
Texas AirHogs batting - Pitching for Chicago Dogs : RHP Matt Nunes
Batting: RHB Tommy Thoman 0-0: Called Strike
0-1: Foul Ball, location: 2F
0-2: Ground out 6-3 (Groundball, 6, EV 102.5 MPH)
Batting: RHB Frank Vazquez 0-0: Ball
1-0: Ball
2-0: Called Strike
2-1: Foul Ball, location: 2F
2-2: Ground out 3-1 (Groundball, 34S, EV 87.5 MPH)
Batting: RHB Mike Johnson 0-0: Called Strike
0-1: Ball
1-1: Called Strike
1-2: Strikes out looking
Bottom of the 2nd over - 0 runs, 0 hits, 0 errors, 0 left on base; Chicago 4 - Texas 0
TOP OF THE 3RD
Chicago Dogs batting - Pitching for Texas AirHogs : LHP Mike Willis
Batting: SHB Nate Gibson 0-0: Foul Ball, location: 2F
0-1: SINGLE (Flyball, 3D, EV 99.4 MPH)
Batting: RHB Neil Burch 0-0: Ball
1-0: Ball
2-0: Ball
3-0: Called Strike
3-1: Base on Balls
Nate Gibson to second
Batting: RHB Tim Skrzypek 0-0: Ball
1-0: Swinging Strike
1-1: Ball
2-1: Called Strike
2-2: Foul Ball, location: 2F
2-2: Foul Ball, location: 2F
2-2: Ball
3-2: Foul Ball, location: 2F
3-2: Base on Balls
Nate Gibson to third
Neil Burch to second
Batting: LHB Brian Boettcher 0-0: Ball
1-0: Foul Ball, location: 2F
1-1: Ball
2-1: Foul Ball, location: 2F
2-2: Hit by Pitch
Nate Gibson scores
Neil Burch to third
Tim Skrzypek to second
Batting: SHB Jose Lopez 0-0: Ball
1-0: Ball
2-0: Ball
3-0: Base on Balls
Neil Burch scores
Tim Skrzypek to third
Brian Boettcher to second
Batting: RHB Jeff Clayton 0-0: Ball
1-0: Swinging Strike
1-1: Called Strike
1-2: Ball
2-2: Ball
3-2: Base on Balls
Tim Skrzypek scores
Brian Boettcher to third
Jose Lopez to second
Batting: RHB Hector Torres 0-0: Called Strike
0-1: Fly out, F9 (Flyball, 9, EV 91.9 MPH)
Runner from 3rd tags up, SCORES, throw by RF
Jose Lopez to third
Pitching: RHP Andy Woodward
Batting: RHB Oscar Leon 0-0: Ball
1-0: Ball
2-0: Called Strike
2-1: Called Strike
2-2: Foul Ball, location: 2F
2-2: Ball
3-2: Base on Balls
Jeff Clayton to second
Batting: RHB Ruben Martinez 0-0: Ball
1-0: Fly out, F3 (Flyball, 3D, EV 71.2 MPH)
Batting: SHB Nate Gibson 0-0: Called Strike
0-1: Ball
1-1: Ball
2-1: Fly out, F4 (Popup, 23, EV 76.2 MPH)
Top of the 3rd over - 4 runs, 1 hit, 0 errors, 3 left on base; Chicago 8 - Texas 0
BOTTOM OF THE 3RD
Texas AirHogs batting - Pitching for Chicago Dogs : RHP Matt Nunes
Batting: RHB Stephen Ayliffe 0-0: Ball
1-0: Ball
2-0: Called Strike
2-1: Ball
3-1: Base on Balls
Batting: RHB Abe Sizemore 0-0: Ball
1-0: Called Strike
1-1: Ball
2-1: SINGLE (Groundball, 56D, EV 96.9 MPH)
Stephen Ayliffe to second
Batting: LHB Bobby Gutierrez 0-0: Swinging Strike
0-1: Ball
1-1: Foul Ball, location: 2F
1-2: Grounds into double play, 6-4-3 (Groundball, 6, EV 79.4 MPH)
Stephen Ayliffe to third
Batting: RHB Alberto Figueroa 0-0: Ball
1-0: Ground out 4-3 (Groundball, 4S, EV 88.1 MPH)
Bottom of the 3rd over - 0 runs, 1 hit, 0 errors, 1 left on base; Chicago 8 - Texas 0
TOP OF THE 4TH
Chicago Dogs batting - Pitching for Texas AirHogs : RHP Andy Woodward
Batting: RHB Neil Burch 0-0: Foul Ball, location: 2F
0-1: Swinging Strike
0-2: Ground out 5-3 (Groundball, 56S, EV 85.0 MPH)
Batting: RHB Tim Skrzypek 0-0: Ground out 5-3 (Groundball, 56S, EV 87.5 MPH)
Batting: LHB Brian Boettcher 0-0: Ball
1-0: Swinging Strike
1-1: Ball
2-1: SINGLE (Line Drive, 34D, EV 95.6 MPH)
Batting: SHB Jose Lopez 0-0: Ball
1-0: Ball
2-0: Ball
3-0: Swinging Strike
3-1: Swinging Strike
3-2: Ground out 3-1 (Groundball, 34, EV 86.2 MPH)
Top of the 4th over - 0 runs, 1 hit, 0 errors, 1 left on base; Chicago 8 - Texas 0
BOTTOM OF THE 4TH
Texas AirHogs batting - Pitching for Chicago Dogs : RHP Matt Nunes
Batting: RHB Adrian Gutierrez 0-0: Ball
1-0: Ball
2-0: Ground out 4-3 (Groundball, 4, EV 84.4 MPH)
Batting: LHB Ron Clark 0-0: Ball
1-0: Ball
2-0: Foul Ball, location: 2F
2-1: Fly out, F7 (Flyball, 78M, EV 85.6 MPH)
Batting: RHB Tommy Thoman 0-0: Ball
1-0: Swinging Strike
1-1: Swinging Strike
1-2: Foul Ball, location: 2F
1-2: Strikes out swinging
Bottom of the 4th over - 0 runs, 0 hits, 0 errors, 0 left on base; Chicago 8 - Texas 0
TOP OF THE 5TH
Chicago Dogs batting - Pitching for Texas AirHogs : RHP Andy Woodward
Batting: RHB Jeff Clayton 0-0: Ball
1-0: Ball
2-0: Ball
3-0: Called Strike
3-1: Fly out, F7 (Flyball, 7LM, EV 90.0 MPH)
Batting: RHB Hector Torres 0-0: Foul Ball, location: 2F
0-1: Ground out 4-3 (Groundball, 4, EV 85.6 MPH)
Batting: RHB Oscar Leon 0-0: Ball
1-0: Ball
2-0: Ground out 5-3 (Groundball, 56, EV 103.1 MPH)
Top of the 5th over - 0 runs, 0 hits, 0 errors, 0 left on base; Chicago 8 - Texas 0
BOTTOM OF THE 5TH
Texas AirHogs batting - Pitching for Chicago Dogs : RHP Matt Nunes
Batting: RHB Frank Vazquez 0-0: Foul Ball, location: 2F
0-1: Fly out, F9 (Flyball, 9, EV 79.4 MPH)
Batting: RHB Mike Johnson 0-0: Ball
1-0: SINGLE (Line Drive, 4MD, EV 99.4 MPH)
Batting: RHB Stephen Ayliffe 0-0: Ball
1-0: Called Strike
1-1: Called Strike
1-2: Strikes out swinging
Batting: RHB Abe Sizemore 0-0: Swinging Strike
0-1: Ball
1-1: Ball
2-1: Foul Ball, location: 2F
2-2: Ball
3-2: Base on Balls
Mike Johnson to second
Batting: LHB Bobby Gutierrez 0-0: Ball
1-0: Foul Ball, location: 2F
1-1: Called Strike
1-2: Foul Ball, location: 2F
1-2: Ground out 5-3 (Groundball, 5S, EV 86.2 MPH)
Bottom of the 5th over - 0 runs, 1 hit, 0 errors, 2 left on base; Chicago 8 - Texas 0
TOP OF THE 6TH
Chicago Dogs batting - Pitching for Texas AirHogs : RHP Andy Woodward
Batting: RHB Ruben Martinez 0-0: Called Strike
0-1: Ball
1-1: Ball
2-1: Called Strike
2-2: Foul Ball, location: 2F
2-2: Foul Ball, location: 2F
2-2: Foul Ball, location: 2F
2-2: Foul Ball, location: 2F
2-2: SINGLE (Groundball, 34D, EV 105.6 MPH)
Batting: SHB Nate Gibson 0-0: Foul Ball, location: 2F
0-1: Ball
1-1: Ball
2-1: Ball
3-1: Base on Balls
Ruben Martinez to second
Batting: RHB Neil Burch 0-0: Ball
1-0: Swinging Strike
1-1: Grounds into double play, 3-6-3 (Groundball, 3, EV 100.6 MPH)
Ruben Martinez to third
Batting: RHB Tim Skrzypek 0-0: Ball
1-0: Ball
2-0: Ball
3-0: Base on Balls
Batting: LHB Brian Boettcher 0-0: Ball
1-0: SINGLE (Groundball, P, EV 86.2 MPH) (infield hit)
Ruben Martinez scores
Tim Skrzypek to second
Batting: SHB Jose Lopez 0-0: Ball
1-0: Swinging Strike
1-1: Foul Ball, location: 2F
1-2: Strikes out looking
Top of the 6th over - 1 run, 2 hits, 0 errors, 2 left on base; Chicago 9 - Texas 0
BOTTOM OF THE 6TH
Texas AirHogs batting - Pitching for Chicago Dogs : RHP Matt Nunes
Batting: RHB Alberto Figueroa 0-0: Ground out 4-3 (Groundball, 4, EV 80.0 MPH)
Batting: RHB Adrian Gutierrez 0-0: Called Strike
0-1: Ball
1-1: Ball
2-1: Foul Ball, location: 2F
2-2: Ball
3-2: Base on Balls
Batting: LHB Ron Clark 0-0: Called Strike
0-1: DOUBLE (Line Drive, 8RXD, EV 102.5 MPH)
Adrian Gutierrez to third
Batting: RHB Tommy Thoman 0-0: Called Strike
0-1: Swinging Strike
0-2: Ground out U3 (Groundball, 34, EV 95.6 MPH)
Adrian Gutierrez scores
Ron Clark to third
Batting: RHB Frank Vazquez 0-0: Ground out 5-3 (Groundball, 56, EV 92.5 MPH)
Bottom of the 6th over - 1 run, 1 hit, 0 errors, 1 left on base; Chicago 9 - Texas 1
TOP OF THE 7TH
Chicago Dogs batting - Pitching for Texas AirHogs : RHP Andy Woodward
Pitching: LHP Brad Thomas
Batting: RHB Jeff Clayton 0-0: Ball
1-0: Ground out U3 (Groundball, 3L, EV 90.6 MPH)
Batting: RHB Hector Torres 0-0: Ball
1-0: Swinging Strike
1-1: Swinging Strike
1-2: Ball
2-2: Strikes out looking
Batting: RHB Oscar Leon 0-0: Called Strike
0-1: Ball
1-1: Called Strike
1-2: Foul Ball, location: 2F
1-2: Ball
2-2: Ball
3-2: Foul Ball, location: 2F
3-2: Strikes out looking
Top of the 7th over - 0 runs, 0 hits, 0 errors, 0 left on base; Chicago 9 - Texas 1
BOTTOM OF THE 7TH
Texas AirHogs batting - Pitching for Chicago Dogs : RHP Matt Nunes
Batting: RHB Mike Johnson 0-0: Called Strike
0-1: Foul Ball, location: 2F
0-2: Ball
1-2: Strikes out swinging
Batting: RHB Stephen Ayliffe 0-0: Ball
1-0: Ball
2-0: Fly out, F5 (Line Drive, 5, EV 62.5 MPH)
Batting: RHB Abe Sizemore 0-0: Called Strike
0-1: Ball
1-1: Called Strike
1-2: Fly out, F9 (Flyball, 9LM, EV 101.9 MPH)
Bottom of the 7th over - 0 runs, 0 hits, 0 errors, 0 left on base; Chicago 9 - Texas 1
TOP OF THE 8TH
Chicago Dogs batting - Pitching for Texas AirHogs : LHP Brad Thomas
Batting: RHB Ruben Martinez 0-0: Called Strike
0-1: Fly out, F7 (Line Drive, 7S, EV 95.0 MPH)
Batting: SHB Nate Gibson 0-0: Ball
1-0: Ball
2-0: Called Strike
2-1: Ground out 6-3 (Groundball, 6, EV 105.6 MPH)
Batting: RHB Neil Burch 0-0: Called Strike
0-1: Ball
1-1: Swinging Strike
1-2: Foul Ball, location: 2F
1-2: Strikes out swinging
Top of the 8th over - 0 runs, 0 hits, 0 errors, 0 left on base; Chicago 9 - Texas 1
BOTTOM OF THE 8TH
Texas AirHogs batting - Pitching for Chicago Dogs : RHP Matt Nunes
Batting: LHB Bobby Gutierrez 0-0: Foul Ball, location: 2F
0-1: Foul Ball, location: 2F
0-2: Ground out 6-3 (Groundball, 6, EV 101.2 MPH)
Batting: RHB Alberto Figueroa 0-0: Called Strike
0-1: SINGLE (Groundball, 56D, EV 100.6 MPH)
Batting: RHB Adrian Gutierrez 0-0: Ball
1-0: Grounds into double play, 6-4-3 (Groundball, 6, EV 83.8 MPH)
Bottom of the 8th over - 0 runs, 1 hit, 0 errors, 0 left on base; Chicago 9 - Texas 1
TOP OF THE 9TH
Chicago Dogs batting - Pitching for Texas AirHogs : LHP Brad Thomas
Batting: RHB Tim Skrzypek 0-0: Called Strike
0-1: Ball
1-1: Ball
2-1: SINGLE (Groundball, 56D, EV 100.6 MPH)
Pitching: RHP Walt Lindsay
Batting: LHB Brian Boettcher 0-0: Fly out, F9 (Flyball, 9S, EV 85.6 MPH)
Batting: SHB Jose Lopez 0-0: Grounds into double play, 6-4-3 (Groundball, 6, EV 96.2 MPH)
Top of the 9th over - 0 runs, 1 hit, 0 errors, 0 left on base; Chicago 9 - Texas 1
BOTTOM OF THE 9TH
Texas AirHogs batting - Pitching for Chicago Dogs : RHP Matt Nunes
Batting: LHB Ron Clark 0-0: Called Strike
0-1: Ground out 3-1 (Groundball, 34, EV 83.1 MPH)
Batting: RHB Tommy Thoman 0-0: Ball
1-0: Ball
2-0: Ball
3-0: Called Strike
3-1: Foul Ball, location: 2F
3-2: Strikes out swinging
Batting: RHB Frank Vazquez 0-0: Ball
1-0: Foul Ball, location: 2F
1-1: Fly out, F8 (Flyball, 89S, EV 74.4 MPH)
Bottom of the 9th over - 0 runs, 0 hits, 0 errors, 0 left on base; Chicago 9 - Texas 1
Tuesday, October 26th , 2021 - OOTP Baseball 22.10 Build 79